 Dungeon Crawl Stone Soup version 0.24-a0-164-g56e1b8f (webtiles) character file.

Game seed: 11655743291910911803

55797 Ijustatesigmund the Fighter (level 14, -9/96 HPs)
             Began as a Gargoyle Fighter on Mar 6, 2019.
             Was a High Priest of Okawaru.
             Mangled by a harpy (11 damage)
             ... summoned by Kirke
             ... on level 14 of the Dungeon.
             The game lasted 01:03:53 (23544 turns).

Ijustatesigmund the Fighter (Gargoyle Fighter)     Turns: 23544, Time: 01:03:54

Health: -9/96      AC:  0    Str: 20    XL:     14   Next: 78%
Magic:  20/20      EV: 16    Int: 10    God:    Okawaru [*****.]
Gold:   1262       SH:  0    Dex: 13    Spells: 10/13 levels left

rFire    . . .     SeeInvis .   (weapon currently unavailable)
rCold    . . .     Gourm    .   (shield currently unavailable)
rNeg     + . .     Faith    .   (armour currently unavailable)
rPois    ∞         Spirit   .   (helmet currently unavailable)
rElec    .         Reflect  .   (cloak currently unavailable)
rCorr    .         Harm     .   (gloves currently unavailable)
MR       +....                  (boots currently unavailable)
Stlth    +.........             (no amulet)
HPRegen  0.26/turn              (ring currently unavailable)
MPRegen  0.17/turn              (ring currently unavailable)

@: pig-form, very quick
A: small, blink, blurry vision 1, low mp 1, negative energy resistance 1,
petrification resistance, rot immunity, AC +10
a: Blink, Heroism, Finesse, Renounce Religion


You were on level 14 of the Dungeon.
You worshipped Okawaru.
Okawaru was extremely pleased with you.
You were not hungry.
You were a filthy swine.
You visited 3 branches of the dungeon, and saw 21 of its levels.

You collected 1394 gold pieces.
You spent 132 gold pieces at shops.

Inventory:

Hand Weapons
 a - a +6 mace of venom (melded)
Missiles
 n - 7 javelins (quivered)
Armour
 c - a +0 shield (melded)
 j - a +1 pair of boots (melded)
 t - a scarf of repulsion (melded)
 u - a +0 pair of gloves (melded)
 C - the +0 hat of Pandemonium (melded) {rElec rF+ Str+7}
   (You found it on level 9 of the Dungeon)

   It affects your strength (+7).
   It protects you from fire.
   It insulates you from electricity.
 G - +0 fire dragon scales
 N - a +1 plate armour of poison resistance (melded)
 O - a +2 cloak of invisibility
Jewellery
 o - a ring of stealth (melded)
 Q - an uncursed ring of fire
Wands
 h - a wand of scattershot (5)
 k - a wand of acid (2)
 m - a wand of polymorph (8)
 r - a wand of enslavement (21)
 s - a wand of clouds (2)
 y - a wand of random effects (38)
 H - a wand of flame (14)
 L - a wand of iceblast (11)
 M - a wand of disintegration (17)
Scrolls
 d - a scroll of identify
 e - a scroll of holy word
 p - 3 scrolls of immolation
 q - a scroll of torment
 v - 6 scrolls of fog
 x - 2 scrolls of enchant weapon
 E - a scroll of amnesia
 S - a scroll of blinking
 T - 2 scrolls of remove curse
Potions
 g - a potion of magic
 i - 2 potions of lignification
 l - 4 potions of heal wounds
 w - 2 potions of ambrosia
 z - a potion of mutation
 A - a potion of cancellation
 B - 2 potions of resistance
 D - a potion of invisibility
 F - 2 potions of haste
 J - 3 potions of curing
 K - 2 potions of might
 P - a potion of brilliance
Comestibles
 f - 25 rations


   Skills:
 + Level 14.1 Fighting
 + Level 13.5 Maces & Flails
 - Level 9.0 Armour
 - Level 4.4 Dodging
 - Level 9.1 Shields
 - Level 4.5 Translocations
 - Level 12.0 Invocations
 - Level 2.5 Evocations


You had 10 spell levels left.
You knew the following spells:

 Your Spells              Type           Power        Failure   Level  Hunger
a - Apportation           Tloc           #.....       6%          1    ##.....
b - Blink                 Tloc           N/A          9%          2    ###....

Your spell library contained the following spells:

 Spells                   Type           Power        Failure   Level  Hunger
 Gell's Gravitas          Tloc           #.........   19%         3    ####...
 Animate Skeleton         Necr           N/A          36%         1    ##.....
 Confusing Touch          Hex            #.....       36%         1    ##.....
 Flame Tongue             Conj/Fire      #....        36%         1    ##.....
 Magic Dart               Conj           #...         36%         1    ##.....
 Shock                    Conj/Air       #...         36%         1    ##.....
 Summon Small Mammal      Summ           #...         36%         1    ##.....
 Call Imp                 Summ           #.......     50%         2    ###....
 Slow                     Hex            #.......     50%         2    ###....
 Swiftness                Chrm/Air       #.......     50%         2    ###....
 Throw Flame              Conj/Fire      #.....       50%         2    ###....
 Call Canine Familiar     Summ           #.......     75%         3    ####...
 Confuse                  Hex            #.......     75%         3    ####...
 Conjure Flame            Conj/Fire      #.......     75%         3    ####...
 Inner Flame              Hex/Fire       #.......     75%         3    ####...
 Mephitic Cloud           Conj/Pois/Air  #.......     75%         3    ####...
 Static Discharge         Conj/Air       #.......     75%         3    ####...
 Summon Guardian Golem    Hex/Summ       #.......     75%         3    ####...
 Airstrike                Air            #.........   98%         4    #####..
 Petrify                  Tmut/Erth      #.......     98%         4    #####..
 Sticky Flame             Conj/Fire      #.......     98%         4    #####..
 Summon Ice Beast         Ice/Summ       #.......     98%         4    #####..
 Summon Lightning Spire   Summ/Air       #.......     98%         4    #####..
 Fireball                 Conj/Fire      #.........   100%        5    ######.
 Lightning Bolt           Conj/Air       #.........   100%        5    ######.
 Metabolic Englaciation   Hex/Ice        #.........   100%        5    ######.
 Yara's Violent Unravell  Hex/Tmut       #.........   100%        5    ######.


Dungeon Overview and Level Annotations

Branches:
Dungeon (14/15)            Temple (1/1) D:5            Lair (6/6) D:10
 Shoals (0/4) Lair:3       Spider (0/4) Lair:3        Slime (0/5) Lair:6
    Orc (0/2) D:12
 Vaults: D:13-14

Altars:
Ashenzari
Cheibriados
Dithmenos
Elyvilon
Fedhas
Gozag
Hepliaklqana
Okawaru
Qazlal
Ru
Sif Muna
Trog
Vehumet
Yredelemnul
Zin
The Shining One
Jiyva

Shops:
D:5 (   D:13 *

Annotations:
D:14 Kirke


Innate Abilities, Weirdness & Mutations

You are resistant to torment.
((Your stone body is resilient. (AC +10)))
You are immune to poison.
((Your large and strong wings let you fly indefinitely.))
You resist negative energy. (rN+)
((You are resistant to electric shocks. (rElec)))
((You can survive without breathing.))
You are immune to petrification.
You are immune to rotting.
You can translocate small distances at will.
Scrolls take you a little longer to read.
Your magical capacity is low. (-10% MP)


Message History

Your +1 plate armour of poison resistance melds into your body.
Your ring of stealth melds into your body.
Your +6 mace of venom stops dripping with poison.
The haze of the repulsion field disappears.
You blink.
You feel slightly more hungry. The harpy misses you. x2
The harpy screeches!
The harpy claws you! x4; The harpy barely misses you.
The harpy claws you. The harpy closely misses you. x2
The harpy screeches!
The harpy claws you!
* * * LOW HITPOINT WARNING * * *
The harpy claws you.
* * * LOW HITPOINT WARNING * * *
The harpy claws you!!
* * * LOW HITPOINT WARNING * * *
The harpy completely misses you.
You blink.
You feel slightly more hungry.
The harpy screeches!
The harpy claws you!
You die...

######## #......#
####### #...Hh.###
#.....# #...@H.'.#
#.....#
#..§...#(######.....#
#......#.†....#.....#
#......######.'.....#
#......# ###.....##
##'##### #.....#. #.
#.....'. ## #..)..##


You could see Kirke and 2 harpies.

Vanquished Creatures
  Rupert (D:12)
  Snorg (Lair:3)
  A fire dragon (Lair:6)
  5 hydras
  Harold (Lair:2)
  2 two-headed ogres
  Nergalle (D:11)
  A fire crab (shapeshifter) (D:14)
  An unseen horror (D:11)
  2 lindwurms
  3 deep elf magi
  An ugly thing (D:13)
  2 cyclopes
  Maurice (D:11)
  5 black mambas
  16 elephants
  A centaur zombie (D:13)
  A gargoyle (D:10)
  A torpor snail (Lair:6)
  2 molten gargoyles (Lair:6)
  7 spiny frogs
  2 centaur skeletons
  A rime drake (Lair:5)
  12 komodo dragons
  2 trolls
  Prince Ribbit (Lair:2)
  24 blink frogs
  5 hippogriffs
  A spriggan (D:9)
  6 wyverns
  46 yaks
  5 hogs (D:14)
  Grum (D:11)
  2 steam dragons (Lair:6)
  6 basilisks
  3 hungry ghosts
  A warg (D:11)
  An acid dragon (D:13)
  3 hell hounds (Lair:6)
  9 water moccasins
  4 porcupines
  A sky beast (D:9)
  3 phantoms
  2 ice beasts
  An eye of draining (D:12)
  A swamp drake (D:9)
  A black bear (D:10)
  4 orc warriors
  4 ogres
  A necrophage (D:6)
  18 wolves
  10 centaurs
  11 crocodiles
  17 bullfrogs
  A wyvern skeleton (D:9)
  A scorpion (D:5)
  21 killer bees
  12 wights
  5 electric eels
  3 crimson imps
  2 howler monkeys (D:7)
  5 lava snakes (Lair:6)
  A quasit (D:12)
  A bullfrog zombie (D:9)
  9 hounds
  An iron imp (D:9)
  3 orc priests
  3 jellies
  14 orc wizards
  A bullfrog skeleton (D:7)
  Ijyb (D:3)
  Natasha (twice) (D:4)
  3 iguanas
  15 worker ants
  2 hound zombies
  2 hound skeletons
  Robin (D:3)
  7 gnolls
  15 adders
  4 shadow imps
  A white imp (D:9)
  An ooze (D:5)
  5 adder skeletons
  4 worms
  A dart slug (D:3)
  7 leopard geckos
  40 orcs
  2 giant cockroaches
  19 goblins
  11 hobgoblins
  2 jackals (D:3)
  9 kobolds
  2 quokkas
  3 ball pythons
  6 bats
  4 frilled lizards
  A quokka skeleton (D:4)
  13 rats
531 creatures vanquished.

Vanquished Creatures (others)
  An unseen horror (D:10)
  3 yaks (Lair:6)
  A bullfrog (D:14)
  A wyvern skeleton (D:9)
  A jelly (D:9)
  3 orcs (D:9)
  3 fungi (Lair:6)
  7 plants
20 creatures vanquished.

Grand Total: 551 creatures vanquished

Notes
Turn   | Place    | Note
-------+----------+-------------------------------------------
     0 | D:1      | Ijustatesigmund the Gargoyle Fighter began the quest for
                  | the Orb.
     0 | D:1      | Reached XP level 1. HP: 14/14 MP: 1/1
   216 | D:1      | Reached XP level 2. HP: 19/19 MP: 2/2
   846 | D:2      | Reached XP level 3. HP: 19/24 MP: 3/3
  1145 | D:2      | Reached skill level 4 in Fighting
  1145 | D:2      | Reached XP level 4. HP: 29/29 MP: 4/4
  1423 | D:2      | Reached XP level 5. HP: 34/34 MP: 5/5
  1574 | D:3      | Noticed Ijyb
  1589 | D:3      | Killed Ijyb
  1998 | D:3      | Noticed Robin
  2022 | D:3      | Killed Robin
  2085 | D:3      | Reached skill level 5 in Maces & Flails
  2252 | D:3      | Reached XP level 6. HP: 40/40 MP: 6/6
  2261 | D:3      | Gained mutation: Scrolls take you a little longer to read.
                  | [potion of mutation]
  2261 | D:3      | Gained mutation: Your magical capacity is low. (-10% MP)
                  | [potion of mutation]
  2261 | D:3      | Gained mutation: You can translocate small distances at
                  | will. [potion of mutation]
  2450 | D:3      | Found a blossoming altar of Fedhas.
  2511 | D:3      | You fall through a shaft for 3 floors!
  2518 | D:6      | Reached skill level 5 in Fighting
  2607 | D:5      | Entered Level 5 of the Dungeon
  3072 | D:4      | Reached XP level 7. HP: 35/44 MP: 6/6
  3123 | D:4      | Reached skill level 6 in Fighting
  3447 | D:4      | Noticed Natasha
  3455 | D:4      | Killed Natasha
  3549 | D:4      | Noticed Natasha
  3557 | D:4      | Killed Natasha
  3953 | D:5      | Found Weuzere's Antique Weapon Boutique.
  3968 | D:4      | Reached XP level 8. HP: 49/51 MP: 7/7
  4205 | D:5      | Found a staircase to the Ecumenical Temple.
  4251 | Temple   | Entered the Ecumenical Temple
  4301 | Temple   | Became a worshipper of Warmaster Okawaru
  4577 | D:5      | Found a glowing golden altar of the Shining One.
  4689 | D:6      | Reached skill level 1 in Invocations
  4938 | D:6      | Reached * piety under Okawaru
  4938 | D:6      | Reached skill level 7 in Fighting
  5871 | D:7      | Reached skill level 5 in Armour
  5871 | D:7      | Reached skill level 5 in Shields
  5874 | D:7      | Noticed a wyvern
  5883 | D:7      | Reached XP level 9. HP: 49/57 MP: 9/9
  6185 | D:7      | Reached ** piety under Okawaru
  6250 | D:7      | You fall through a shaft for 3 floors!
  6250 | D:10     | Entered Level 10 of the Dungeon
  6253 | D:10     | Noticed a gargoyle
  6266 | D:10     | Killed an unseen horror
  6279 | D:10     | Killed a gargoyle
  6279 | D:10     | Reached skill level 8 in Fighting
  6424 | D:9      | Reached XP level 10. HP: 29/64 MP: 12/12
  6932 | D:9      | Reached skill level 5 in Invocations
  6943 | D:9      | Reached *** piety under Okawaru
  7767 | D:8      | Noticed a two-headed ogre
  7776 | D:8      | Killed a two-headed ogre
  7814 | D:8      | Found a bloodstained altar of Trog.
  7815 | D:8      | Found a white marble altar of Elyvilon.
  7816 | D:8      | Found a sacrificial altar of Ru.
  7823 | D:8      | Reached skill level 9 in Fighting
  7850 | D:8      | Found an opulent altar of Gozag.
  7881 | D:8      | Found a shadowy altar of Dithmenos.
  7980 | D:8      | Found a snail-covered altar of Cheibriados.
  8141 | D:9      | Reached **** piety under Okawaru
  8149 | D:9      | Reached skill level 1 in Dodging
  8149 | D:9      | Reached skill level 1 in Evocations
  8816 | D:9      | Reached XP level 11. HP: 48/71 MP: 14/14
  9157 | D:9      | Noticed a deep elf mage
  9404 | D:9      | Killed a deep elf mage
  9468 | D:9      | Got a scorched hat
  9474 | D:9      | Identified the +0 hat of Pandemonium {rElec rF+ Str+7} (You
                  | found it on level 9 of the Dungeon)
  9509 | D:9      | Noticed a deep elf mage
  9531 | D:9      | Killed a deep elf mage
  9552 | D:9      | Learned a level 1 spell: Apportation
  9555 | D:9      | Learned a level 2 spell: Blink
  9796 | D:10     | Found a staircase to the Lair.
 10027 | D:10     | Reached skill level 1 in Translocations
 10126 | D:10     | Noticed a two-headed ogre
 10136 | D:10     | Killed a two-headed ogre
 10136 | D:10     | Reached ***** piety under Okawaru
 10144 | D:10     | Reached skill level 10 in Maces & Flails
 10145 | D:10     | Reached skill level 10 in Fighting
 10183 | D:11     | Noticed Nergalle
 10193 | D:11     | Noticed a spectral orc warlord
 10204 | D:11     | Killed Nergalle
 10330 | D:11     | Noticed Grum
 10364 | D:11     | Killed Grum
 10364 | D:11     | Received a gift from Okawaru
 10369 | D:11     | Got an ebony broad axe {god gift}
 10422 | D:11     | Identified the +3 broad axe of Evil {chop, rN+ Str+5 Dex-3
                  | Stlth+} (Okawaru gifted it to you on level 11 of the
                  | Dungeon)
 10541 | D:11     | Noticed Maurice
 10583 | D:11     | Killed Maurice
 11108 | D:12     | Noticed Rupert
 11372 | D:12     | Killed Rupert
 11372 | D:12     | Reached XP level 12. HP: 14/79 MP: 9/16
 11391 | D:12     | Found a staircase to the Orcish Mines.
 11391 | D:12     | HP: 2/79 [orc priest/divine providence (13)]
 11393 | D:12     | Noticed an eight-headed hydra
 11410 | D:12     | HP: 2/79 [killer bee (3)]
 11428 | D:12     | HP: 3/79 [something (2)]
 11761 | Lair:1   | Entered Level 1 of the Lair of Beasts
 12867 | Lair:1   | Reached skill level 11 in Fighting
 13701 | Lair:2   | Received a gift from Okawaru
 13714 | Lair:2   | Noticed Harold
 13732 | Lair:2   | Killed Harold
 13875 | Lair:2   | Reached XP level 13. HP: 65/84 MP: 17/17
 14023 | Lair:2   | Noticed Prince Ribbit
 14051 | Lair:2   | Killed Prince Ribbit
 15236 | Lair:3   | Found a staircase to the Shoals.
 15287 | Lair:3   | Noticed Snorg
 15306 | Lair:3   | HP: 2/85 [Snorg (18)]
 15318 | Lair:3   | Killed Snorg
 15700 | Lair:3   | Received a gift from Okawaru
 15700 | Lair:3   | Reached skill level 10 in Invocations
 15886 | Lair:3   | Found a hole to the Spider Nest.
 17374 | Lair:5   | Got a slimy scale mail
 17380 | Lair:5   | Identified the cursed +1 scale mail "Okusostri" {+Inv rElec
                  | rF+} (You found it on level 5 of the Lair of Beasts)
 17886 | Lair:5   | Received a gift from Okawaru
 19010 | Lair:6   | Entered Level 6 of the Lair of Beasts
 19092 | Lair:5   | Reached skill level 12 in Fighting
 19430 | Lair:6   | Gained mutation: Your large and strong wings let you fly
                  | indefinitely. [Gargoyle growth]
 19430 | Lair:6   | Reached XP level 14. HP: 29/92 MP: 13/20
 20166 | Lair:6   | Found a viscous altar of Jiyva.
 20166 | Lair:6   | Found a staircase to the Slime Pits.
 20526 | Lair:6   | Reached skill level 13 in Fighting
 21069 | Lair:6   | Found a large runed translucent door.
 21232 | Lair:6   | Found a large runed translucent door.
 21750 | D:11     | Received a gift from Okawaru
 22680 | D:13     | Found Wemaf's Assorted Antiques.
 22699 | D:13     | Bought a scroll labeled FIOWNU JEOVO for 33 gold pieces
 22699 | D:13     | Bought a scroll of remove curse for 99 gold pieces
 23034 | D:14     | Noticed Kirke
 23260 | D:14     | Reached skill level 14 in Fighting
 23544 | D:14     | Mangled by a harpy

Levels and vault maps discovered:
D:1:      dpeg_arrival_circle_labyrinth_c, layout_basic
D:2:      cheibrodos_greedy_goblins, layout_rooms
D:3:      layout_loops_ring, fedhas_altar_4, uniq_ijyb, uniq_robin
D:4:      layout_loops_ring, uniq_natasha
D:5:      layout_cave_pools, tso_oasis_becter, minmay_temple_entry_mist,
          serial_shops, nicolae_shop_temple_entry_statues_fountains,
          first_ration, serial_park, serial_park_square2, serial_park_tiny_pond
D:6:      layout_layer_cave, serial_bayou_pond_b
D:7:      layout_basic, enter_bailey_2
D:8:      layout_basic, cheibriados_altar_1,
          chequers_temple_overflow_statue_of_worship, serial_corexii_hall,
          corexii_hall_statues_x, chequers_hall_statues_wall_a,
          grunt_dithmenos_shadows
D:9:      layout_loops_ring, tgw_xom, the_bakery, hangedman_minor_magic
D:10:     layout_basic, lair_entry_dummy
D:11:     layout_irregular_city, uniq_grum, uniq_nergalle, uniq_maurice
D:12:     layout_rooms, david_orc_3, uniq_rupert
D:13:     layout_basic, david_vaults_4, serial_shops, shop, uniq_urug
D:14:     layout_roguey, minmay_misc_feat_secret_circle, enter_trove_6,
          uniq_kirke
Temple:   jpeg_temple_clearing
Lair:1:   layout_concentric_octagons, st_stairs_12, infiniplex_staircase_pool_2,
          grunt_megastairs_4
Lair:2:   beast_lair_carwin_large_3, layout_gridlike, serial_bayou_shore_b,
          uniq_harold, uniq_prince_ribbit2
Lair:3:   layout_hall_layers, minmay_shoals_entry_centaurs,
          spider_nest_entry_web_field, st_stairs_10,
          chequers_serial_rivers_room_b, uniq_snorg
Lair:4:   layout_roguey, guppyfry_lair_drakes, grunt_megastairs_1,
          serial_bayou_shore_b
Lair:5:   layout_cave_pods, beast_lair_carwin_4, infiniplex_staircase_pool
Lair:6:   cheibrodos_lair_end_hotspot, layout_small_grid,
          dpeg_slime_entry_enclosed_altar, nicolae_quartered_pool_medium

Skill      XL: |  1  2  3  4  5  6  7  8  9 10 11 12 13 14 |
---------------+-------------------------------------------+-----
Maces & Flails | 3 4 5 6 7 8 9 10 11 12 13 | 13.5
Fighting       | 4 5 6 7 8 9 10 11 12 14 | 14.1
Armour         | 5 6 7 8 9 |  9.0
Shields        | 5 6 7 8 9 |  9.1
Invocations    | 2 4 6 8 12 | 12.0
Dodging        | 1 2 4 |  4.4
Evocations     | 1 2 |  2.5
Translocations | 4 |  4.5

Action                   |  1- 3 |  4- 6 |  7- 9 | 10-12 | 13-15 || total
-------------------------+-------+-------+-------+-------+-------++-------
Melee: Flail             |   103 |   118 |       |       |       ||   221
       Mace              |       |    55 |   454 |  1062 |   999 ||  2570
       Club              |       |   106 |       |       |       ||   106
       Unarmed           |       |       |       |       |     4 ||     4
Throw: Javelin           |       |     5 |     6 |     3 |     6 ||    20
Invok: Heroism           |       |       |     3 |    11 |    11 ||    25
       Finesse           |       |       |       |     1 |     3 ||     4
 Abil: Blink             |       |       |       |       |    12 ||    12
       Fly               |       |       |       |       |     2 ||     2
       Stop Flying       |       |       |       |       |     2 ||     2
       Evoke Invisibilit |       |       |       |       |     1 ||     1
Evoke: Wand              |       |       |    12 |     4 |    25 ||    41
  Use: Scroll            |     4 |     2 |    13 |    14 |    11 ||    44
       Potion            |       |     2 |     4 |     7 |     3 ||    16
 Stab: Paralysed         |       |       |       |     1 |       ||     1
       Confused          |       |       |       |       |     1 ||     1
       Invisible         |       |       |       |       |     5 ||     5
  Eat: Chunk             |     1 |     7 |     7 |    14 |    12 ||    41
       Ration            |       |       |     2 |     4 |     7 ||    13
Armor: Scale mail        |    70 |   180 |   314 |   208 |   200 ||   972
       Chain mail        |       |       |       |   430 |   184 ||   614
       Plate armour      |       |       |       |       |    46 ||    46
Dodge: Dodged            |    16 |    42 |   156 |   393 |   399 ||  1006
       Deflected         |       |       |       |     3 |     7 ||    10
Block: Shield            |    49 |   133 |   266 |   685 |   638 ||  1771

Table legend:
 A = Non-vault XP
 B = Vault XP
 C = Vault XP percentage of total XP
 D = Non-vault monster count
 E = Vault monster count
 F = Vault count percentage of total count
                 A         B        C        D         E       F
            +---------+---------+-------+---------+---------+-------
      Total |   54115 |   25596 |  32.1 |     407 |     126 |  23.6
            +---------+---------+-------+---------+---------+-------
        D:1 |      17 |       0 |   0.0 |      12 |       0 |   0.0
        D:2 |     135 |      22 |  14.0 |      26 |      11 |  29.7
        D:3 |      93 |      72 |  43.6 |      32 |      13 |  28.9
        D:4 |     636 |      36 |   5.4 |      19 |       1 |   5.0
        D:5 |     464 |       0 |   0.0 |      16 |       0 |   0.0
        D:6 |     614 |     268 |  30.4 |      14 |       3 |  17.6
        D:7 |    1714 |       0 |   0.0 |      32 |       0 |   0.0
        D:8 |    1543 |     183 |  10.6 |      23 |       3 |  11.5
        D:9 |    3003 |    1613 |  34.9 |      29 |      14 |  32.6
       D:10 |    2813 |       0 |   0.0 |      25 |       0 |   0.0
       D:11 |    4244 |    2028 |  32.3 |      28 |       8 |  22.2
       D:12 |    1621 |    3103 |  65.7 |       9 |       5 |  35.7
       D:13 |    2280 |       0 |   0.0 |      10 |       0 |   0.0
       D:14 |    1342 |     998 |  42.6 |       2 |       5 |  71.4
     Lair:1 |    2645 |    1113 |  29.6 |      11 |       6 |  35.3
     Lair:2 |    9830 |    3307 |  25.2 |      34 |      16 |  32.0
     Lair:3 |    1866 |    1732 |  48.1 |       5 |       5 |  50.0
     Lair:4 |    3239 |     568 |  14.9 |      20 |       3 |  13.0
     Lair:5 |    7233 |    1330 |  15.5 |      22 |       4 |  15.4
     Lair:6 |    8783 |    9223 |  51.2 |      38 |      29 |  43.3
            +---------+---------+-------+---------+---------+-------
